 Dungeon Crawl Stone Soup version 0.31-a0-1059-g83d41fd8b6 (webtiles) character file.

Game seed: 12298356413046004350

16223 inmateoo the Cleaver (level 12, -2/95 HPs)
             Began as a Hill Orc Fighter on Nov 21, 2023.
             Was a Priest of Hepliaklqana.
             Slain by a death yak (16 damage)
             ... on level 10 of the Dungeon on Nov 22, 2023.
             The game lasted 00:13:20 (11994 turns).

inmateoo the Cleaver (Hill Orc Fighter)            Turns: 11994, Time: 00:13:20

Health: -2/95      AC: 15    Str: 24    XL:     12   Next: 35%
Magic:  12/12      EV: 15    Int:  8    God:    Hepliaklqana [***...]
Gold:   614        SH: 11    Dex: 10    Spells: 11/11 levels left

rFire   . . .        w - +0 war axe
rCold   . . .        c - +0 buckler
rNeg    . . .        n - +0 chain mail
rPois   .            o - +0 helmet
rElec   .            (no cloak)
rCorr   .            (no gloves)
SInv    .            m - +1 pair of boots
Will    .....        A - amulet of reflection Stlth
                     e - +5 ring of evasion
HPRegen 0.35/turn    (no ring)
MPRegen 0.13/turn

%: reflection
@: about to teleport
A: reduced essence
a: Renounce Religion, Recall Ancestor, Ancestor Identity, Transference


You were on level 10 of the Dungeon.
You worshipped Hepliaklqana.
Hepliaklqana was most pleased with you.
You visited 2 branches of the dungeon, and saw 13 of its levels.
You also visited: Sewer.

You collected 719 gold pieces.
You spent 105 gold pieces at shops.

Inventory:

Hand Weapons
 w - a +0 war axe (weapon)
 H - a +2 trident of draining
 K - a +0 war axe
Missiles
 y - 3 throwing nets
Armour
 c - a +0 buckler (worn)
 m - a +1 pair of boots (worn)
 n - a +0 chain mail (worn)
 o - a +0 helmet (worn)
Jewellery
 e - a +5 ring of evasion (left hand)
 l - a ring of flight
 s - the ring of Loipuhua {Fire rPois Int+2}
   (You took it off an orc on level 3 of the Dungeon)

   [ring of fire]

   Fire:      It enhances your fire magic.
   Int+2:     It affects your intelligence (+2).
   rF+:       It protects you from fire.
   rC-:       It makes you vulnerable to cold.
   rPois:     It protects you from poison
 A - an amulet of reflection (around neck)
 E - a +6 ring of intelligence
 J - a ring of positive energy
 L - an amulet of guardian spirit
Talismans
 z - a flux talisman
Wands
 p - a wand of light (5)
 x - a wand of mindburst (19)
 C - a wand of paralysis (5)
 F - a wand of roots (15)
 I - a wand of flame (15)
Scrolls
 j - 8 scrolls of enchant weapon
 t - 4 scrolls of teleportation
 v - a scroll of amnesia
 D - 2 scrolls of identify
 G - a scroll of revelation
Potions
 a - a potion of lignification
 b - a potion of enlightenment
 d - 2 potions of might
 f - 4 potions of mutation
 g - 8 potions of curing
 h - a potion of attraction
 i - 4 potions of heal wounds
 k - a potion of haste
 q - 14 potions of degeneration
 r - a potion of brilliance
 u - 2 potions of invisibility


   Skills:
 + Level 10.0 Fighting
 * Level 13.9 Axes
 + Level 9.1 Armour
 + Level 6.1 Dodging
 + Level 8.9 Shields
 + Level 6.1 Shapeshifting


You had 11 spell levels left.
You didn't know any spells.
Your spell library contained the following spells:

 Spells                   Type           Power      Damage    Failure   Level
 Apportation              Tloc           0%         N/A       92%         1
 Freeze                   Ice            0%         1d3       92%         1
 Magic Dart               Conj           0%         1d3       92%         1
 Necrotise                Necr           0%         1d4       92%         1
 Summon Small Mammal      Summ           0%         N/A       92%         1
 Call Imp                 Summ           0%         N/A       98%         2
 Cigotuvi's Dreadful Rot  Necr/Pois/Air  0%         N/A       98%         2
 Jinxbite                 Hex            0%         N/A       98%         2
 Sublimation of Blood     Necr           0%         N/A       98%         2
 Frozen Ramparts          Ice            0%         1d1       100%        3
 Mephitic Cloud           Conj/Pois/Air  0%         N/A       100%        3
 Tukima's Dance           Hex            0%         N/A       100%        3
 Dimensional Bullseye     Hex/Tloc       0%         N/A       100%        4
 Dispel Undead            Necr           0%         3d6       100%        4
 Iskenderun's Mystic Bla  Conj/Tloc      0%         2d3       100%        4
 Leda's Liquefaction      Hex/Erth       0%         N/A       100%        4
 Petrify                  Tmut/Erth      0%         N/A       100%        4
 Summon Ice Beast         Ice/Summ       0%         N/A       100%        4
 Alistair's Intoxication  Tmut/Pois      0%         N/A       100%        5
 Irradiate                Conj/Tmut      0%         3d11      100%        5
 Lee's Rapid Deconstruct  Erth           0%         3d4*      100%        5
 Bombard                  Conj/Erth      0%         9d1       100%        6
 Death Channel            Necr           0%         N/A       100%        6


Dungeon Overview and Level Annotations

Branches:
Dungeon (12/15)            Temple (1/1) D:4             Orc (0/2) D:10
  Sewer (visited)
   Lair: D:8-11

Altars:
Ashenzari
Cheibriados
Dithmenos
Elyvilon
Fedhas
Gozag
Hepliaklqana
Kikubaaqudgha
Makhleb
Nemelex Xobeh
Okawaru
Qazlal
Ru
Sif Muna
Trog
Uskayaw
Vehumet
Wu Jian
Xom
Yredelemnul
Zin
The Shining One

Shops:
D:6 (   D:10 ([?

Portals:
Trove: D:11 (give +6 demon trident)


Message History

You block the troll's attack. The boulder beetle misses you.
You hit the troll.
The troll is lightly wounded.
You hit the boulder beetle but do no damage.
You hit the death yak but do no damage.
Zdislav gestures at the boulder beetle while chanting.
The puff of frost hits the boulder beetle but does no damage.
The boulder beetle leaps!
The death yak gores you!! The troll bites you but does no damage.
The troll misses you. The troll barely misses you.
Blink to where?
Press: ? - help, Dir - move target
As you read the scroll of blinking, it crumbles to dust.
The death yak gores Zdislav.
As you read the scroll of teleportation, it crumbles to dust.
You feel strangely unstable.
Zdislav hits the death yak with a +0 quarterstaff!
The death yak gores Zdislav!!
Zdislav hits the death yak with a +0 quarterstaff!
The death yak closely misses Zdislav.
Zdislav casts a spell at the troll.
The puff of frost misses the troll.
Your surroundings suddenly seem different.
Zdislav casts a spell at the troll.
The stone arrow hits the troll!
The death yak barely misses you.
The boulder beetle curls into a ball and begins rolling!
You hit the troll but do no damage.
The troll is moderately wounded.
You hit the death yak.
Zdislav points at the troll and mumbles some strange words.
The stone arrow hits the troll!!
You block the death yak's attack.
The troll bites Zdislav.
The troll claws Zdislav.
The troll claws Zdislav!
Zdislav is destroyed!
The troll shouts!
As you read the scroll of teleportation, it crumbles to dust.
You feel strangely unstable. The boulder beetle hits you!
* * * LOW HITPOINT WARNING * * *
The boulder beetle stops rolling and uncurls.
The death yak gores you!
You die...

.....####........###
###................#
#..######........#
#..# #........# #..#
#........# #..#
#........# #..#
#.......)# #..#
#...°..>.###### #..#
#....B@.......# #..#
#....T.Y......# #..#
#.......#######
###..######.......#
..................#
.....######.......#
.###.# #.......# .#
#.# #.####..# .###.#
#.# #..#


You could see a death yak, a boulder beetle and a troll.

Vanquished Creatures
  An anaconda (shapeshifter) (D:8)
  4 two-headed ogres
  A death yak (D:10)
  An ugly thing (D:8)
  2 cyclopes
  3 gargoyles
  Jeremiah (D:7)
  A kobold demonologist (D:12)
  An unseen horror (D:6)
  A komodo dragon (D:6)
  Sigmund (D:5)
  A slime creature (D:12)
  2 shadows
  A wyvern (D:12)
  2 yaks
  A wraith (D:7)
  A basilisk (D:8)
  A steam dragon (D:7)
  Menkaure (D:5)
  2 water moccasins (D:8)
  A sky beast (D:7)
  2 black bears
  An ogre (D:4)
  5 centaurs
  2 phantoms (D:5)
  5 bullfrogs
  A kobold brigand (D:9)
  Blork the orc (D:5)
  A gnoll sergeant (D:10)
  2 scorpions
  A wight (D:7)
  3 killer bees (D:8)
  4 howler monkeys
  6 hounds
  3 gnoll boudas
  3 jellies
  2 orc priests
  4 orc wizards
  20 gnolls
  5 river rats
  11 adders
  A shadow imp (D:5)
  A white imp (D:5)
  2 worms
  4 dart slugs
  30 orcs
  14 ball pythons
  6 endoplasms
  8 giant cockroaches
  8 goblins
  13 hobgoblins
  2 jackals
  3 quokkas
  4 bats
  7 frilled lizards
  11 kobolds
  10 rats
236 creatures vanquished.

Vanquished Creatures (collateral kills)
  A two-headed ogre (D:10)
  A boulder beetle (D:11)
  A guardian serpent (D:11)
  An unseen horror (D:10)
  A komodo dragon (D:8)
  A tengu conjurer (D:8)
  A troll (D:9)
  2 shadows
  A wraith (D:9)
  3 orc warriors
  2 black bears
  2 ice beasts
  2 centaurs
  3 bullfrogs
  A gnoll sergeant (D:9)
  10 killer bees
  3 howler monkeys
  2 hounds
  A jelly (D:6)
  2 gnoll boudas
  3 orc priests
  An iguana (D:7)
  5 orc wizards
  8 gnolls
  A shadow imp (D:7)
  8 orcs
  A goblin (D:7)
  4 kobolds (D:9)
72 creatures vanquished.

Vanquished Creatures (others)
  7 battlemagi
  3 ancestors (D:7)
10 creatures vanquished.

Grand Total: 318 creatures vanquished

Notes
Turn   | Place    | Note
-------+----------+-------------------------------------------
     0 | D:1      | inmateoo the Hill Orc Fighter began the quest for the Orb.
     0 | D:1      | Reached XP level 1. HP: 19/19 MP: 1/1
   287 | D:1      | Reached skill level 3 in Axes
   290 | D:1      | Reached XP level 2. HP: 25/27 MP: 2/2
   522 | D:1      | Reached XP level 3. HP: 33/33 MP: 3/3
  1381 | D:2      | Reached XP level 4. HP: 34/40 MP: 4/4
  1547 | D:3      | Noticed a scorpion
  1557 | D:3      | Reached skill level 4 in Axes
  1569 | D:3      | Reached skill level 1 in Dodging
  1572 | D:3      | Killed a scorpion
  1573 | D:3      | Reached skill level 1 in Shapeshifting
  1573 | D:3      | Reached XP level 5. HP: 19/46 MP: 5/5
  1575 | D:3      | Identified the ring of Loipuhua {Fire rPois Int+2}
  2132 | D:4      | Reached skill level 5 in Axes
  2132 | D:4      | Reached XP level 6. HP: 42/53 MP: 6/6
  2268 | D:4      | Found a staircase to the Ecumenical Temple.
  2282 | Temple   | Entered the Ecumenical Temple
  2289 | Temple   | Became a worshipper of Hepliaklqana the Forgotten
  2710 | D:4      | Reached XP level 7. HP: 43/60 MP: 7/7
  3192 | D:5      | Entered Level 5 of the Dungeon
  3202 | D:5      | Reached skill level 5 in Fighting
  3219 | D:5      | Noticed Menkaure
  3223 | D:5      | Reached skill level 6 in Axes
  3225 | D:5      | Killed Menkaure
  3406 | D:5      | Reached skill level 5 in Armour
  3406 | D:5      | Reached XP level 8. HP: 63/69 MP: 8/8
  3469 | D:5      | Found a glowing drain.
  3474 | Sewer    | Entered a sewer
  3740 | Sewer    | Reached skill level 7 in Axes
  4396 | D:5      | Noticed Blork the orc
  4410 | D:5      | Killed Blork the orc
  4411 | D:5      | Reached skill level 5 in Shields
  4572 | D:5      | Noticed Sigmund
  4579 | D:5      | Killed Sigmund
  4771 | D:5      | Reached * piety under Hepliaklqana
  5310 | D:6      | Found Exeskaen's Weapon Shoppe.
  5463 | D:6      | Reached skill level 8 in Axes
  5666 | D:6      | Noticed a cyclops
  5672 | D:6      | Noticed a shadow
  5678 | D:6      | Killed a cyclops
  5679 | D:6      | Reached XP level 9. HP: 60/70 MP: 9/9
  5722 | D:6      | Noticed a gargoyle
  5728 | D:6      | Killed a gargoyle
  5729 | D:6      | Reached skill level 9 in Axes
  6043 | D:7      | Noticed a komodo dragon
  6142 | D:6      | Killed an unseen horror
  6417 | D:6      | Killed a komodo dragon
  6418 | D:6      | Reached skill level 10 in Axes
  6418 | D:6      | Reached XP level 10. HP: 17/77 MP: 10/10
  6759 | D:7      | Identified the +7 dagger of the Valley {freeze, rN++
                  | Stlth-}
  7079 | D:7      | Found an iron altar of Okawaru.
  7090 | D:7      | Reached ** piety under Hepliaklqana
  7103 | D:7      | Remembered your ancestor Zdislav as a battlemage
  7600 | D:7      | Noticed Jeremiah
  7614 | D:7      | Killed Jeremiah
  7906 | D:8      | Reached skill level 11 in Axes
  8036 | D:8      | Noticed a gargoyle
  8038 | D:8      | Killed a gargoyle
  8059 | D:8      | Noticed an anaconda
  8063 | D:8      | Killed an anaconda
  8063 | D:8      | Noticed a brown ugly thing
  8064 | D:8      | Reached skill level 5 in Dodging
  8064 | D:8      | Reached XP level 11. HP: 37/85 MP: 11/11
  8089 | D:8      | Killed a brown ugly thing
  8090 | D:8      | Reached skill level 5 in Shapeshifting
  8091 | D:8      | Reached skill level 12 in Axes
  8574 | D:8      | Got the Lessons on the Iceberg
  8846 | D:8      | Noticed a skeletal warrior
  9526 | D:9      | Reached *** piety under Hepliaklqana
  9799 | D:9      | You fall into a shaft and drop 3 floors!
  9802 | D:12     | Noticed a two-headed ogre
  9808 | D:12     | Killed a two-headed ogre
  9845 | D:12     | Noticed a sixfirhy
  9893 | D:11     | Noticed a two-headed ogre
  9899 | D:12     | Killed a two-headed ogre
 10013 | D:11     | Found a portal to a secret trove of treasure.
 10098 | D:11     | Noticed a boulder beetle
 10258 | D:11     | Killed a boulder beetle
 10259 | D:11     | Reached skill level 13 in Axes
 10368 | D:10     | Entered Level 10 of the Dungeon
 10388 | D:10     | Noticed a two-headed ogre
 10403 | D:10     | HP: 4/87 [two-headed ogre/+0 giant club (12)]
 10406 | D:10     | Killed a two-headed ogre
 10486 | D:10     | Found Wohyolle's Weapon Shop.
 10486 | D:10     | Found a staircase to the Orcish Mines.
 10503 | D:10     | Reached XP level 12. HP: 26/94 MP: 12/12
 10508 | D:10     | Found Dinaeten's Armour Shop.
 11078 | D:10     | Found Ekkaob's Magic Scroll Boutique.
 11086 | D:10     | Bought a scroll of blinking for 105 gold pieces
 11155 | D:10     | Noticed a two-headed ogre
 11159 | D:10     | Killed a two-headed ogre
 11835 | D:11     | Noticed a death yak
 11835 | D:11     | Noticed a two-headed ogre
 11835 | D:11     | Noticed a boulder beetle
 11835 | D:11     | Noticed a death yak
 11846 | D:10     | Killed a two-headed ogre
 11855 | D:10     | Killed a death yak
 11856 | D:10     | Reached skill level 10 in Fighting
 11983 | D:11     | Noticed a death yak
 11994 | D:10     | Slain by a death yak

Illustrated notes

Levels and vault maps discovered:
D:1:      onia_arrival_mini_maze_b, layout_basic, minmay_octomino_c4
D:2:      layout_loops_ring, minmay_misc_feat_ornament
D:3:      minmay_spotlight, layout_basic, grunt_decor_arrowhead,
          minmay_misc_feat_doors, minmay_surrounded
D:4:      layout_basic, temple_doors_e, grunt_ministairs_4,
          minmay_misc_feat_encased, serial_library_hellmonk_room_a
D:5:      layout_loops_ring, gup_sewer_entry_spiral, uniq_menkaure,
          uniq_blork_the_orc, uniq_sigmund
D:6:      hellmonk_ruined_rings, layout_basic, serial_shops, shop,
          mrwooster_statue_mirror, minmay_holes, abandoned_shop,
          dk_noncrumbling_2, hangedman_minor_gate_pass
D:7:      cheibrodos_fzero, layout_basic, amcnicky_altar_gilded, enter_bailey_7,
          uniq_jeremiah
D:8:      minmay_the_grid_triangle_9x9_recursive_2
          [minmay_the_grid_triangle_9x9_prize_schism,
          minmay_the_grid_triangle_9x9_minimal,
          minmay_the_grid_triangle_9x9_windchime,
          minmay_the_grid_triangle_9x9_corrupted_corridor], layout_loops_ring
D:9:      layout_stronghold
D:10:     layout_small_grid, orc_david_3, serial_shops, shop, hex_large,
          st_stairs_8
D:11:     layout_rooms, dpeg_lair_monsters, nicolae_trove_entry_crossroad,
          nrook_guardian_serpent_double, uniq_nergalle
D:12:     layout_basic
Temple:   nicolae_temple_the_god_donut

Skill      XL: |  1  2  3  4  5  6  7  8  9 10 11 12 |
---------------+-------------------------------------+-----
Axes           | 3 4 5 6 8 10 11 13 | 13.9
Fighting       | 4 5 6 7 8 9 10 | 10.0
Dodging        | 1 2 3 4 5 6 |  6.1
Armour         | 4 5 6 7 8 9 |  9.1
Shapeshifting  | 1 2 3 4 5 6 |  6.1
Shields        | 4 5 6 7 8 |  8.9

Action                     |  1- 3 |  4- 6 |  7- 9 | 10-12 || total
---------------------------+-------+-------+-------+-------++-------
  Melee: War axe           |    82 |   155 |   372 |   353 ||   962
 Invoke: Ancestor Life: Ba |       |       |       |     1 ||     1
         Recall Ancestor   |       |       |       |     6 ||     6
  Evoke: Wand              |       |     1 |     8 |    31 ||    40
    Use: Scroll            |     3 |     6 |     3 |    16 ||    28
         Potion            |       |       |       |     2 ||     2
   Stab: Invisible         |       |     1 |       |       ||     1
 Armour: Scale mail        |    24 |       |       |       ||    24
         Chain mail        |    41 |   102 |   251 |   185 ||   579
  Dodge: Dodged            |    39 |    81 |   203 |   203 ||   526
  Block: Buckler           |    22 |    25 |   134 |   222 ||   403
         Reflection        |       |       |     1 |    14 ||    15

Table legend: (Time is in decaauts)
 A = Elapsed time spent in this place.
 B = Non-inter-level travel time spent in this place.
 C = Inter-level travel time spent in this place.
 D = Time resting spent in this place.
 E = Time spent auto-exploring this place.
 F = Levels seen in this place.
 G = Mean time per level.
                   A        B        C        D        E       F      G
               +--------+--------+--------+--------+--------+-----+--------+
         Total |  12321 |  11826 |    495 |   3131 |   6003 |  14 |  880.1 |
       Dungeon |  11434 |  10939 |    495 |   3131 |   5477 |  12 |  952.8 |
        Temple |     14 |     14 |      0 |      0 |      0 |   1 |   14.0 |
         Sewer |    872 |    872 |      0 |      0 |    526 |   1 |  872.0 |
               +--------+--------+--------+--------+--------+-----+--------+

Top non-repeatable levels by time:
     D:7: 1812 daAuts
     D:6: 1410 daAuts
     D:5: 1295 daAuts
    D:10: 1206 daAuts
     D:8: 1141 daAuts
     D:4: 1111 daAuts
     D:1: 874 daAuts
   Sewer: 872 daAuts
     D:9: 715 daAuts
     D:3: 712 daAuts
     D:2: 582 daAuts
    D:12: 319 daAuts
    D:11: 252 daAuts
  Temple: 14 daAuts
